 Dungeon Crawl Stone Soup version 0.28-a0-653-g7e9dba17c3 (webtiles) character file.

Game seed: 16269340471860286178

839 fomalhaut the Sneak (level 7, -2/57 HPs)
             Began as a Yellow Draconian Conjurer on Oct 12, 2021.
             Was an Initiate of Vehumet.
             Slain by a troll (7 damage)
             ... on level 6 of the Dungeon.
             The game lasted 00:20:16 (6461 turns).

fomalhaut the Sneak (Yellow Draconian Conjurer)     Turns: 6461, Time: 00:20:17

Health: -2/57      AC:  8    Str:  9    XL:     7   Next: 67%
Magic:  3/13       EV: 12    Int: 20    God:    Vehumet [......]
Gold:   254        SH:  0    Dex: 10    Spells: 4/14 levels left

rFire   . . .      SeeInvis .   d - +2 short sword (flame)
rCold   . . .      Faith    .   (no shield)
rNeg    . . .      Spirit   .   (armour unavailable)
rPois   .          Reflect  .   (helmet restricted)
rElec   .          Harm     .   (no cloak)
rCorr   +          Rampage  .   e - +0 pair of gloves
Will    .....                   j - +0 pair of boots
Stlth   ++........              (no amulet)
HPRegen 0.19/turn               (no ring)
MPRegen 0.13/turn               (no ring)

@: no status effects
A: spit acid, AC +6, unfitting armour, cold-blooded, acid resistance
a: Breathe Acid, Renounce Religion


You were on level 6 of the Dungeon.
You worshipped Vehumet.
Vehumet was noncommittal.
You visited 2 branches of the dungeon, and saw 7 of its levels.

You collected 254 gold pieces.

Inventory:

Hand Weapons
 d - a +2 short sword of flaming (weapon)
Armour
 e - a +0 pair of gloves (worn)
 j - a +0 pair of boots (worn)
Magical Staves
 f - a staff of conjuration
Wands
 i - a wand of charming (11)
Scrolls
 c - a scroll of teleportation
 g - a scroll of amnesia
 l - 3 scrolls of vulnerability
 m - a scroll of immolation {unknown}
Potions
 b - a potion of heal wounds
 h - 3 potions of curing
 k - a potion of brilliance


   Skills:
 - Level 3.2 Fighting
 + Level 0.0 Staves
 - Level 3.1 Dodging
 + Level 4.5 Stealth
 + Level 4.3 Spellcasting
 - Level 4.3 Conjurations
 - Level 3.3 Hexes
 + Level 0.0 Ice Magic


You had 4 spell levels left.
You knew the following spells:

 Your Spells              Type           Power      Damage    Failure   Level
a - Magic Dart            Conj           84%        1d7       2%          1
b - Searing Ray           Conj           42%        2d6       3%          2
c - Dazzling Flash        Conj/Hex       38%        N/A       8%          3
d - Hailstorm             Conj/Ice       13%        3d5       45%         4

Your spell library contained the following spells:

 Spells                   Type           Power      Damage    Failure   Level
 Fulminant Prism          Conj/Hex       9%         3d7       26%         4
 Iskenderun's Mystic Bla  Conj/Tloc      13%        2d5       45%         4
 Ice Form                 Ice/Tmut       4%         N/A       77%         4
 Simulacrum               Ice/Necr       2%         N/A       100%        6


Dungeon Overview and Level Annotations

Branches:
Dungeon (6/15)             Temple (1/1) D:5

Altars:
Ashenzari
Dithmenos
Elyvilon
Fedhas
Gozag
Makhleb
Nemelex Xobeh
Okawaru
Qazlal
Ru
Sif Muna
Vehumet
Wu Jian
Zin
The Shining One

Annotations:
D:6 1 transporter


Innate Abilities, Weirdness & Mutations

You can spit globs of acid.
Your golden yellow scales are hard. (AC +6)
You cannot fit into any form of body armour.
You are cold-blooded and may be slowed by cold attacks.
You are resistant to acid. (rCorr)


Message History

Aim: a troll (78% to hit)
The searing ray misses the troll. (Press . to maintain the ray.)
The searing ray hits the troll.
The troll is lightly wounded.
The searing ray hits the troll.
The troll is moderately wounded.
The troll bites you but does no damage. The troll claws you!
The troll claws you.
The searing ray hits the troll!
The troll is heavily wounded.
You finish channelling your searing ray.
The troll bites you but does no damage. The troll closely misses you.
The troll claws you!
Casting: Searing Ray (safe; 3% risk of failure)
Confirm with . or Enter, or press ? or * to list all spells.
Casting: Dazzling Flash (dangerous; 8% risk of failure)
Press: ? - help, Dir - look around, f - activate The troll bites you but does no damage.
The troll claws you but does no damage. The troll claws you!
Casting: Dazzling Flash (dangerous; 8% risk of failure)
Confirm with . or Enter, or press ? or * to list all spells.
Casting: Dazzling Flash (dangerous; 8% risk of failure)
Press: ? - help, Dir - look around, f - activate The troll barely misses you.
The troll claws you!
* * * LOW HITPOINT WARNING * * *
The troll barely misses you.
Hit: d) +2 short sword (flame)
Press: ? - help, Dir - move target, f - troll
Aim: a troll (moderately wounded, about 38% to evade your +2 short sword of flaming)
Okay, then.
Aiming: Charm
Press: ? - help, Shift-Dir - straight line, f - troll
Aim: a troll (moderately wounded, chance to affect: 46%)
The troll resists with some effort.
The troll bites you.
* * * LOW HITPOINT WARNING * * *
The troll claws you.
* * * LOW HITPOINT WARNING * * *
The troll claws you!
You die...

#T# #........#
#.# #..#.....#
#.#
#.[#.########
#.#
#..#.....†..#
#.#
#...<..######.#
#.# ####.#.#
#.# #?. ...#.#
#.# ### #####T#
#.# #@# #.# #.#
#.# #.# #.# #.#
#.# #.# #.#
#.######.###
#..........#
############


You could see a troll.

Vanquished Creatures
  3 centaurs
  An ogre (D:4)
  Blork the orc (D:5)
  A wyvern skeleton (D:6)
  A scorpion (D:6)
  2 hounds (D:5)
  A centaur skeleton (D:4)
  An iguana (D:3)
  Jessica (D:2)
  4 gnolls (D:3)
  A howler monkey zombie (D:5)
  6 adders
  3 worms (D:3)
  The ghost of lawman0 the Covert, a weakling GnDe (D:4)
  2 dart slugs (D:1)
  An orc (D:5)
  4 bats
  6 endoplasms
  5 giant cockroaches
  10 goblins
  8 hobgoblins
  14 kobolds
  5 quokkas
  7 ball pythons
  7 frilled lizards (D:1)
  6 rats
102 creatures vanquished.

Notes
Turn   | Place    | Note
-------+----------+-------------------------------------------
     0 | D:1      | fomalhaut the Draconian Conjurer began the quest for the
                  | Orb.
     0 | D:1      | Reached XP level 1. HP: 14/14 MP: 3/3
   366 | D:1      | Reached XP level 2. HP: 20/20 MP: 3/5
   505 | D:1      | Learned a level 2 spell: Searing Ray
   954 | D:1      | Reached XP level 3. HP: 23/26 MP: 1/6
  1584 | D:2      | Noticed Jessica
  1592 | D:2      | Learned a level 3 spell: Dazzling Flash
  1603 | D:2      | Killed Jessica
  1604 | D:2      | Reached XP level 4. HP: 25/33 MP: 0/7
  2095 | D:2      | Reached skill level 1 in Hexes
  2739 | D:3      | Reached XP level 5. HP: 38/38 MP: 3/9
  2771 | D:3      | Found a faded altar of an unknown god.
  3566 | D:3      | Found a sacrificial altar of Ru.
  4107 | D:4      | Learned a level 4 spell: Hailstorm
  4165 | D:4      | Noticed an ogre
  4169 | D:4      | Killed an ogre
  4170 | D:4      | Reached skill level 1 in Fighting
  4170 | D:4      | Reached XP level 6. HP: 47/47 MP: 4/11
  4335 | D:4      | Found a runed translucent door.
  4339 | D:4      | Noticed lawman0's ghost (weakling GnDe)
  4367 | D:4      | Killed lawman0's ghost
  4700 | D:5      | Entered Level 5 of the Dungeon
  4841 | D:5      | Noticed Blork the orc
  4850 | D:5      | Killed Blork the orc
  4931 | D:5      | Found a staircase to the Ecumenical Temple.
  4941 | Temple   | Entered the Ecumenical Temple
  5060 | Temple   | Became a worshipper of Vehumet
  5434 | D:5      | Your scales start taking on a golden yellow colour.
  5434 | D:5      | Reached XP level 7. HP: 41/56 MP: 12/12
  5434 | D:5      | Gained mutation: You are resistant to acid. (rCorr) [Yellow
                  | Draconian growth]
  6144 | D:6      | Found a transporter.
  6145 | D:6      | Found the +18 shield of the Gong {rElec rN+ Will+ EV-5}
  6152 | D:6      | Noticed a troll
  6461 | D:6      | Slain by a troll

Illustrated notes

Levels and vault maps discovered:
D:1:      arrival_zaba_pyramid, layout_basic, minmay_lizard_pond
D:2:      layout_basic, uniq_jessica
D:3:      layout_loops_ring, nicolae_overflow_crystal_walls,
          shapermc_ecumenical_altar_pompeii
D:4:      layout_rooms, gammafunk_ghost_grave
D:5:      layout_gridville, minmay_temple_entry_tees, uniq_blork_the_orc
D:6:      gammafunk_wand_slinger, layout_basic,
          lemuel_mausoleum_altar_yredelemnul, uniq_edmund,
          uniq_crazy_yiuf_cottage
Temple:   dpeg_five_rooms_temple

Skill      XL: |  1  2  3  4  5  6  7 |
---------------+----------------------+-----
Stealth        | 2 3 4 |  4.5
Dodging        | 2 3 |  3.1
Hexes          | 1 2 3 |  3.3
Spellcasting   | 3 4 |  4.3
Fighting       | 1 2 3 |  3.2
Conjurations   | |  4.3

Action                   |  1- 3 |  4- 6 |  7- 9 || total
-------------------------+-------+-------+-------++-------
Melee: Dagger            |    12 |       |       ||    12
       Tailslap          |     4 |     8 |     1 ||    13
       Short sword       |    49 |   120 |    30 ||   199
 Cast: Magic Dart        |    41 |    42 |     9 ||    92
       Searing Ray       |     2 |     8 |     3 ||    13
       Dazzling Flash    |       |       |     2 ||     2
Evoke: Wand              |       |       |     1 ||     1
  Use: Scroll            |       |     5 |     4 ||     9
       Potion            |       |       |     1 ||     1
 Stab: Sleeping          |     1 |     8 |     1 ||    10
Armor: Skin              |    19 |    38 |    31 ||    88
Dodge: Dodged            |    45 |    76 |    52 ||   173

Table legend: (Time is in decaauts)
 A = Elapsed time spent in this place.
 B = Non-inter-level travel time spent in this place.
 C = Inter-level travel time spent in this place.
 D = Time resting spent in this place.
 E = Time spent auto-exploring this place.
 F = Levels seen in this place.
 G = Mean time per level.
                   A        B        C        D        E       F      G
               +--------+--------+--------+--------+--------+-----+--------+
         Total |   6479 |   6248 |    231 |      0 |   5154 |   7 |  925.6 |
       Dungeon |   6281 |   6139 |    142 |      0 |   5058 |   6 | 1046.8 |
        Temple |    197 |    108 |     89 |      0 |     96 |   1 |  197.0 |
               +--------+--------+--------+--------+--------+-----+--------+

Top non-repeatable levels by time:
     D:3: 1765 daAuts
     D:1: 1490 daAuts
     D:5: 967 daAuts
     D:2: 852 daAuts
     D:4: 606 daAuts
     D:6: 600 daAuts
  Temple: 197 daAuts
